Map: Frozen Temple

Players

Escalar

  • Race: Zerg Zerg
  • League: Platinum

Gracz - Winner!

  • Race: Zerg Zerg
  • League: Silver

VOD

Have the link to the VOD?

Description

Time

  • Played on: Oct. 18, 2016, 2:10 p.m.
  • Length: 9:06
Show
View Real Time Build Order
Export as new Build Order

Escalar Zerg 

Build Orders: Hatch First 

Get SALT Encoding   

  12  0:01  Drone  
  13  0:12  Overlord  
  13  0:18  Drone  
  14  0:31  Drone x2  
  16  0:36  Drone  
  17  0:54  Hatchery  
  16  1:02  Extractor  
  15  1:11  Spawning Pool  
  15  1:13  Drone  
  15  1:16  Drone  
  16  1:20  Drone  
  17  1:29  Drone  
  18  1:36  Drone  
  19  1:45  Overlord  
  19  2:01  Queen  
  19  2:04  Metabolic Boost  
  19  2:06  Queen  
  19  2:08  Drone  
  24  2:12  Drone  
  24  2:15  Zergling x2  
  26  2:23  Zergling x2  
  26  2:28  Zergling x2  
  26  2:29  Zergling x2  
  29  2:32  Zergling x2  
  30  2:50  Zergling x4  
  29  3:20  Zergling x8  
  29  3:21  Zergling x4  
  35  3:27  Overlord  
  35  3:28  Overlord  
  34  3:54  Baneling Nest  
  33  3:58  Drone x2  
  33  4:00  Zergling x2  
  34  4:15  Zergling x4  
  33  5:04  Baneling x3  
  31  5:15  Zergling x10  
  31  5:16  Zergling x2  
  33  5:37  Roach Warren  
  33  5:38  Drone x2  
  33  5:39  Extractor, Drone  
  34  5:45  Drone x2  
  34  5:46  Overlord x2  
  35  5:58  Baneling x4  
  35  6:12  Drone  
  35  6:13  Drone x2  
  35  6:14  Queen  
  35  6:17  Drone  
  35  6:18  Drone x3  
  44  6:21  Extractor  
  43  6:33  Evolution Chamber  
  42  6:57  Drone x4  
  42  6:59  Lair  
  45  7:08  Overlord  
  45  7:09  Overlord x2  
  45  7:21  Drone  
  45  7:22  Drone x2  
  48  8:05  Hatchery  
  48  8:06  Queen  
  48  8:40  Hatchery  
  46  9:02  Hatchery  
Show
View Real Time Build Order
Export as new Build Order

Gracz Zerg - Winner!

Build Orders: Hatch First 

Get SALT Encoding   

  12  0:02  Drone  
  13  0:12  Drone  
  14  0:18  Overlord  
  14  0:36  Drone x3  
  17  0:59  Hatchery  
  16  1:10  Spawning Pool, Drone  
  16  1:13  Drone  
  17  1:29  Extractor, Drone x2  
  18  1:35  Drone  
  19  2:05  Roach Warren  
  18  2:12  Drone  
  18  2:13  Drone x2  
  21  2:20  Hatchery  
  20  2:34  Extractor, Queen  
  20  2:35  Zergling x2  
  20  2:36  Zergling x6  
  25  2:43  Drone  
  26  2:53  Overlord x2  
  26  3:04  Queen  
  28  3:15  Roach  
  28  3:16  Roach x2  
  30  3:25  Roach  
  32  3:35  Roach  
  34  3:58  Roach  
  34  4:11  Roach  
  28  4:50  Drone x3  
  28  4:51  Drone x3  
  34  5:01  Queen  
  34  5:53  Roach  
  34  5:55  Overlord x3  
  36  6:12  Queen  
  36  6:13  Queen  
  40  6:19  Roach x4  
  48  6:30  Drone  
  48  6:31  Drone x4  
  53  6:53  Lair  
  53  7:10  Ravager x2  
  55  7:16  Drone  
  55  7:17  Drone x2  
  55  7:18  Drone x2  
  60  7:26  Overlord  
  60  7:52  Overseer  
  60  7:55  Overseer  
  60  7:58  Drone x6  
  65  8:01  Queen  
  68  8:06  Overlord x2  
  68  8:23  Queen  
  70  8:45  Drone  
  70  8:46  Drone x6  
Tags
 
Add a new tag
Caveats
  • Supply blocks, unpowered buildings, or Contaminate may cause inaccurate times.
  • Supply counts are checked every 10 seconds.